woodfighter, neutral female human Wizard -------... ............. --...-.--%.hG- |..........@- |........[.-- ---*.....--.[| ---..........))- --...............| |............)..- |.|.|.|.--.<|.-- --------------- woodfighter the Conjurer Experience level: 5 Strength: 9 Dexterity: 9 Constitution: 13 Intelligence: 19 Wisdom: 17 Charisma: 8 Health: 0(41) Energy: 21(51) Def: 1 Gold: 189 Moves: 1688 Dungeon seed: AYuLDDD1HS8zS9Aj Game ID: woodfighter_1448313480 Your Inventory: Coins $ - 189 gold pieces Weapons a - a blessed +1 quarterstaff (weapon in hands) v - 2 +0 elven daggers Armor e - an uncursed +0 cloak of magic resistance (being worn) q - an uncursed +0 dwarvish cloak N - an uncursed +1 dwarvish cloak Y - an uncursed +0 dwarvish cloak Comestibles i - 2 uncursed lichen corpses m - an uncursed tripe ration t - an uncursed food ration u - an uncursed carrot Scrolls f - an uncursed scroll of light g - a cursed scroll of enchant armor x - an uncursed scroll of blank paper Spellbooks b - a blessed spellbook of force bolt c - an uncursed spellbook of cure sickness Rings h - an uncursed ring of slow digestion Wands j - a wand of sleep (0:5) k - a wand of enlightenment (0:13) r - a wand of magic missile (0:4) Tools d - an uncursed partly used tallow candle (lit) (0:125) p - 8 uncursed tallow candles (0:200) s - an uncursed bag of holding C - an uncursed magic lamp Gems n - an uncursed worthless piece of violet glass y - 2 uncursed worthless pieces of black glass z - an uncursed aquamarine stone B - 2 uncursed worthless pieces of yellow glass Contents of the bag of holding: a wand of nothing (0:7) Spells and supernatural/magical abilities: Name Level Category Fail Memory a - force bolt 1 attack 0% 92% K - cure sickness 3 healing 79% 92% W - pray for help -- divine ? -- Your skills at the end: Miscellaneous Skills wands [Basic] Weapon Skills quarterstaff [Basic] Spellcasting Skills attack spells [Basic] enchantment spells [Basic] Final Attributes: You were fervently aligned. You were magic-protected. You were unlucky. You are dead. Vanquished creatures: a gnome king a baby crocodile 2 gnome lords a gnomish wizard a paper golem a kitten 4 dwarves 2 hobbits an acid blob a yellow mold 12 gnomes 2 manes 4 jackals 2 kobolds 3 newts 2 goblins 5 grid bugs 2 bats 5 lichens a kobold zombie 53 creatures vanquished. Voluntary challenges: You did not adorn yourself with jewelry or accessories. You were an atheist. You used a wielded weapon 27 times, starting on turn 33. You did not apply a unicorn horn. You were illiterate. You never genocided any monsters. You never polymorphed an object. You never changed form. You used no wishes. You never split a pudding. You never wrote Elbereth's name. You violated your moral code, losing 5 points of alignment, starting on turn 1647. Dungeon overview: The Dungeons of Doom: levels 1 to 3 Level 1 a long staircase Level 2 some fountains stairs to The Gnomish Mines Level 3 The Gnomish Mines: levels 3 to 4 Level 3 stairs to The Dungeons of Doom Level 4 <- You were here History has recorded: On T:1 you entered the Dungeons of Doom to retrieve the Amulet of Yendor! On T:38 you reached level 2 of The Dungeons of Doom. On T:471 you advanced to experience level 2. On T:641 you reached level 3 of The Dungeons of Doom. On T:707 you reached level 1 of The Gnomish Mines. On T:897 you advanced to experience level 3. On T:1115 you advanced to experience level 4. On T:1248 you reached level 2 of The Gnomish Mines. On T:1330 you advanced to experience level 5. Score breakdown: Gold: 189 ( 18 points) Experience: 5 levels ( 400 points) Exploration: 4 levels ( 90 points) Discoveries: 1 item ( 50 points) Variety of kills: 20 monsters ( 1000 points) Major goal: (nothing yet) ( 0 points) Survival: died (score multiplied by 3) Total score: 4674 Latest messages: You wake up. You hit the dwarf! The gnome thrusts one of her daggers. The gnome stabs you! You die... Final status: Goodbye woodfighter the Wizard, killed by a gnome... You died in The Gnomish Mines on dungeon level 4 with 4674 points, and 189 pieces of gold, after 1688 moves. You were level 5 with a maximum of 41 hit points when you died.